 Dungeon Sprint DCSS version 0.17-a0-2073-gde5cdba (webtiles) character file.

7728 Kidiri the Unseen (level 11, -8/70 HPs)
             Began as a Spriggan Enchanter on Oct 14, 2015.
             Was a Priest of Dithmenos.
             Mangled by a spriggan defender
             ... wielding a +2 antimagic lajatang
              (24 damage)
             ... in the Dungeon (Sprint IV: "Fedhas' Mad Dash").
             The game lasted 00:09:33 (3045 turns).

Kidiri the Unseen (Spriggan Enchanter)              Turns: 3045, Time: 00:09:34

Health: -8/70      AC:  4    Str:  9    XL:     11   Next: 0%
Magic:  0/28       EV: 32    Int: 19    God:    Dithmenos [***...]
Gold:   229        SH:  0    Dex: 18    Spells: 8 memorised, 12 levels left

rFire  . . .     SeeInvis +     o - +0 rapier
rCold  . . .     Clarity  .     a - +2 robe {MR+}
rNeg   . . .     SustAt   .     (shield restricted)
rPois  .         Gourm    .     (helmet restricted)
rElec  .         Spirit   .     (no cloak)
rCorr  .         Warding  .     (gloves unavailable)
rMut   .         NoTele   +     (boots unavailable)
MR     ++...                    (no amulet)
Stlth  ..........               (no ring)
                                k - ring of invisibility

@: berserking, very slightly contaminated, wreathed by umbra, very quick, very
resistant to hostile enchantments, extremely unstealthy
A: unfitting armour, see invisible, herbivore 3, speed 3, slow metabolism 2
a: Shadow Step, Renounce Religion, Evoke Invisibility


You were in the Dungeon.
You worshipped Dithmenos.
Dithmenos was most pleased with you.
You were full.

You visited 1 branch You collected 229 gold pieces.

Inventory:

Hand Weapons
 o - a +0 rapier (weapon)
Armour
 a - a +2 robe of magic resistance (worn)
Jewellery
 k - a ring of invisibility (left hand)
Scrolls
 j - a scroll of blinking
 l - a scroll of fear {unknown}
 m - a scroll of enchant weapon {unknown}
Potions
 c - 3 potions of might {unknown}
 d - a potion of cure mutation {unknown}
 e - a potion of curing
 f - a potion of heal wounds
 g - a potion of haste
 h - 2 potions of magic
Books
 p - Yhoa's Collected Works on Orientation and the Snowflakes
   (You found it in the Dungeon)

   Spells                             Type                      Level
   a - Apportation                    Translocation                1
   b - Ice Form                       Ice/Transmutation            4
   c - Passage of Golubria            Translocation                4
   d - Summon Forest                  Summoning/Translocation      5
   e - Ozocubu's Refrigeration        Ice                          6
Comestibles
 n - 3 royal jellies


   Skills:
 * Level 11.8 Short Blades
 + Level 5.9 Armour
 * Level 15.2 Dodging
 * Level 16.5 Stealth
 * Level 12.9 Spellcasting
 + Level 5.5 Conjurations
 + Level 9.9 Hexes
 + Level 3.6 Translocations
 + Level 6.4 Ice Magic
 - Level 3.7 Invocations


You had 12 spell levels left.
You knew the following spells:

 Your Spells              Type           Power        Failure   Level  Hunger
a - Corona                Hex            #####..      1%          1    None
b - Ensorcelled Hibernat  Hex/Ice        #####.       1%          2    None
c - Confuse               Hex            #####...     1%          3    None
d - Tukima's Dance        Hex            #####...     1%          3    None
e - Dazzling Spray        Conj/Hex       #####...     1%          3    None
f - Apportation           Tloc           ####......   1%          1    None
g - Passage of Golubria   Tloc           N/A          14%         4    #......
h - Ozocubu's Refrigerat  Ice            #####.....   67%         6    ######.


Dungeon Overview and Level Annotations

Branches:
Dungeon (1/1)

Altars:
Cheibriados
Dithmenos
Elyvilon
Gozag
Kikubaaqudgha
Makhleb
Nemelex Xobeh
Okawaru
Qazlal
Ru
Sif Muna
Trog
Vehumet
Xom
Yredelemnul
Zin
The Shining One
Beogh
Jiyva
Lugonu

Shops:
D !![![=?!


Innate Abilities, Weirdness & Mutations

You are tiny and cannot use many weapons and most armour.
You have supernaturally acute eyesight.
You are a herbivore.
You cover ground extremely quickly.
You need consume almost no food.


Message History

Okay, then.
Unknown command.
Drink which item? (? for menu, Esc to quit)
A red film seems to cover your vision as you go berserk!
You feel yourself moving faster!
You feel mighty!
The spriggan defender hits you with an antimagic lajatang!!
* * * LOW HITPOINT WARNING * * *
You emit a cloud of dark smoke.
You feel your power leaking away.
Unknown command.
You miss the spriggan defender. The spriggan defender misses you.
You barely miss the spriggan defender.
The spriggan defender hits you with an antimagic lajatang.
* * * LOW HITPOINT WARNING * * *
You hit the spriggan defender.
The spriggan defender is lightly wounded.
You barely miss the spriggan defender.
The spriggan defender is lightly wounded.
The spriggan defender hits you with an antimagic lajatang!!
You die...

###############....(.###....)♣.#
♣♣..♣.###.'.(+.....[)+%+..)♣..∩#
..♣..♣##:.#..#.......###########
♣♣.♣).###.##'##......#
(♣...♣'...#♣.♣########
###########.....####
###..♣..♣.§§.###
#####.).♣...§§§♣§..♣###
.........♣.[.§@i§∩...)#
..#####################


You could see a spriggan defender.

Vanquished Creatures
  Agnes (D)
  A spriggan berserker (D)
  A spriggan druid (D)
  6 oklob plants (D)
  3 wandering mushrooms (D)
  A queen bee (D)
  A demonic crawler (D)
  3 burning bushes (D)
  A wasp (D)
  2 scorpions (D)
  4 killer bees (D)
  5 oklob saplings (D)
  A worker ant (D)
  5 spriggans (D)
  A river rat (D)
  A rat (D)
  A ballistomycete (D)
  9 fungi (D)
47 creatures vanquished.

Vanquished Creatures (others)
  A giant spore (D)
1 creature vanquished.

Grand Total: 48 creatures vanquished

Notes
Turn   | Place    | Note
--------------------------------------------------------------
     0 | D        | Kidiri the Spriggan Enchanter began the quest for the Orb.
     0 | D        | Reached XP level 1. HP: 9/9 MP: 5/5
   199 | D        | Reached skill level 5 in Stealth
   199 | D        | Reached XP level 2. HP: 13/13 MP: 7/7
   208 | D        | Learned a level 2 spell: Ensorcelled Hibernation
   337 | D        | Noticed an oklob sapling
   338 | D        | Killed an oklob sapling
   338 | D        | Reached skill level 1 in Armour
   338 | D        | Reached skill level 5 in Dodging
   338 | D        | Reached skill level 6 in Stealth
   338 | D        | Reached XP level 3. HP: 16/16 MP: 7/9
   343 | D        | Learned a level 3 spell: Confuse
   347 | D        | Learned a level 3 spell: Dazzling Spray
   357 | D        | Noticed a worker ant
   359 | D        | Killed a worker ant
   359 | D        | Reached skill level 1 in Ice Magic
   386 | D        | Found a snail-covered altar of Cheibriados.
   386 | D        | Found a glowing silver altar of Zin.
   386 | D        | Found a white marble altar of Elyvilon.
   387 | D        | Found a viscous altar of Jiyva.
   387 | D        | Found a radiant altar of Vehumet.
   387 | D        | Found a deep blue altar of Sif Muna.
   387 | D        | Found a burning altar of Makhleb.
   387 | D        | Found an ancient bone altar of Kikubaaqudgha.
   387 | D        | Found a bloodstained altar of Trog.
   387 | D        | Found a corrupted altar of Lugonu.
   387 | D        | Found a sacrificial altar of Ru.
   387 | D        | Noticed an oklob sapling priest
   388 | D        | Found a glowing golden altar of the Shining One.
   388 | D        | Found a sparkling altar of Nemelex Xobeh.
   389 | D        | Found a shadowy altar of Dithmenos.
   390 | D        | Found an iron altar of Okawaru.
   390 | D        | Found a shimmering altar of Xom.
   391 | D        | Found an opulent altar of Gozag.
   392 | D        | Found a basalt altar of Yredelemnul.
   392 | D        | Found a roughly hewn altar of Beogh.
   393 | D        | Found a stormy altar of Qazlal.
   397 | D        | Became a worshipper of Dithmenos the Shadowed
   400 | D        | Killed an oklob sapling priest
   400 | D        | Reached skill level 7 in Stealth
   400 | D        | Reached skill level 5 in Spellcasting
   400 | D        | Reached skill level 1 in Invocations
   400 | D        | Reached XP level 4. HP: 21/21 MP: 9/12
   405 | D        | Learned a level 3 spell: Tukima's Dance
   495 | D        | Noticed an oklob sapling wizard
   498 | D        | Killed an oklob sapling wizard
   498 | D        | Reached skill level 8 in Stealth
   498 | D        | Reached skill level 1 in Conjurations
   498 | D        | Reached skill level 5 in Hexes
   498 | D        | Reached XP level 5. HP: 24/24 MP: 11/14
   682 | D        | Noticed an oklob sapling
   685 | D        | Killed an oklob sapling
   700 | D        | Noticed a queen bee
   700 | D        | Noticed a killer bee
   701 | D        | Noticed a killer bee
   703 | D        | Noticed a killer bee
   703 | D        | Noticed a killer bee
   977 | D        | Killed a killer bee
   977 | D        | Reached skill level 5 in Short Blades
   980 | D        | Killed a killer bee
   980 | D        | Reached skill level 9 in Stealth
   982 | D        | Killed a killer bee
   982 | D        | Reached * piety under Dithmenos
   982 | D        | Reached XP level 6. HP: 28/28 MP: 8/16
   986 | D        | Killed a queen bee
   986 | D        | Reached skill level 10 in Stealth
   986 | D        | Reached XP level 7. HP: 32/32 MP: 3/19
  1015 | D        | Killed a killer bee
  1176 | D        | Noticed an oklob plant
  1435 | D        | Noticed a scorpion
  1437 | D        | Reached ** piety under Dithmenos
  1442 | D        | Killed a scorpion
  1502 | D        | Found Tuggaas's Distillery.
  1502 | D        | Found Dycsug's Distillery.
  1547 | D        | Noticed a burning bush
  1547 | D        | Noticed a wandering mushroom
  1548 | D        | Noticed a scorpion
  1548 | D        | Noticed a wandering mushroom
  1551 | D        | Killed a burning bush
  1551 | D        | Reached skill level 10 in Dodging
  1551 | D        | Reached skill level 11 in Stealth
  1552 | D        | Killed a wandering mushroom
  1552 | D        | Reached XP level 8. HP: 36/36 MP: 17/21
  1553 | D        | Killed a scorpion
  1555 | D        | Killed a wandering mushroom
  1555 | D        | Reached skill level 12 in Stealth
  1568 | D        | Found Ighacuul's Jewellery Emporium.
  1568 | D        | Found Culitz's Antique Armour Shoppe.
  1728 | D        | Killed an oklob plant
  1931 | D        | Noticed a burning bush
  2132 | D        | Killed a burning bush
  2132 | D        | Reached skill level 13 in Stealth
  2132 | D        | Reached skill level 10 in Spellcasting
  2132 | D        | Reached XP level 9. HP: 39/39 MP: 9/24
  2227 | D        | Noticed an oklob sapling
  2227 | D        | Noticed a burning bush
  2227 | D        | Noticed an oklob plant
  2228 | D        | Noticed a wandering mushroom
  2229 | D        | Killed a burning bush
  2229 | D        | Reached *** piety under Dithmenos
  2236 | D        | Killed an oklob plant
  2238 | D        | Killed an oklob sapling
  2240 | D        | Killed a wandering mushroom
  2240 | D        | Reached skill level 14 in Stealth
  2240 | D        | Reached skill level 5 in Ice Magic
  2347 | D        | Noticed a spriggan druid
  2349 | D        | Killed a spriggan druid
  2349 | D        | Reached skill level 10 in Short Blades
  2457 | D        | Noticed an oklob plant conjurer
  2458 | D        | Killed an oklob plant conjurer
  2458 | D        | Reached skill level 5 in Armour
  2622 | D        | Noticed Agnes
  2762 | D        | Noticed an oklob plant
  2763 | D        | Noticed an oklob plant shifter
  2763 | D        | Noticed an oklob plant summoner
  2766 | D        | Killed an oklob plant
  2766 | D        | Reached XP level 10. HP: 44/44 MP: 19/26
  2769 | D        | Killed an oklob plant summoner
  2771 | D        | Killed an oklob plant shifter
  2771 | D        | Reached skill level 15 in Stealth
  2874 | D        | Noticed a demonic crawler
  2876 | D        | Killed a demonic crawler
  2879 | D        | Noticed a spriggan rider
  2879 | D        | Noticed a spriggan
  2879 | D        | Noticed a spriggan
  2880 | D        | Found Siuneema's Magic Scroll Emporium.
  2881 | D        | Found Useckesi's Distillery.
  2882 | D        | Killed a spriggan
  2884 | D        | Killed a spriggan
  2884 | D        | Reached skill level 5 in Conjurations
  2886 | D        | Killed a spriggan rider
  2886 | D        | Killed a wasp
  2912 | D        | Identified Yhoa's Collected Works on Orientation and the Snowflakes
  2915 | D        | Learned a level 1 spell: Apportation
  2920 | D        | Learned a level 4 spell: Passage of Golubria
  2927 | D        | Learned a level 6 spell: Ozocubu's Refrigeration
  3007 | D        | Found Diutargh's Armour Emporium.
  3007 | D        | Noticed a spriggan berserker
  3009 | D        | Killed a spriggan berserker
  3009 | D        | Reached skill level 1 in Translocations
  3012 | D        | Found Lituy's Distillery.
  3013 | D        | Killed Agnes
  3013 | D        | Reached **** piety under Dithmenos
  3013 | D        | Reached skill level 15 in Dodging
  3013 | D        | Reached skill level 16 in Stealth
  3013 | D        | Reached XP level 11. HP: 47/47 MP: 22/28
  3029 | D        | Noticed a spriggan defender
  3045 | D        | Mangled by a spriggan defender

Vault maps used:
D:        dungeon_sprint_fedhas

Action                   |  1- 3 |  4- 6 |  7- 9 | 10-12 || total
-------------------------+-------+-------+-------+-------++-------
Melee: Dagger            |   178 |     7 |    15 |       ||   200
       Rapier            |       |       |    36 |    32 ||    68
 Cast: Ensorcelled Hiber |     1 |     7 |     4 |       ||    12
       Dazzling Spray    |       |     1 |    19 |     1 ||    21
       Confuse           |       |       |     2 |       ||     2
Invok: Shadow Step       |       |       |     2 |     4 ||     6
 Abil: Evoke Invisibilit |     1 |     2 |     9 |     2 ||    14
  Use: Potion            |       |       |       |     1 ||     1
 Stab: Sleeping          |     5 |     6 |    12 |     8 ||    31
       Invisible         |       |       |     5 |       ||     5
       Confused          |       |       |     2 |       ||     2
  Eat: Bread ration      |       |       |     1 |     1 ||     2
